 Dungeon Crawl Stone Soup version 0.23-a0-671-g42e8185 (webtiles) character file.

1046 zishaf the Sneak (level 8, -1/48 HPs)
             Began as a Kobold Artificer on Jan 9, 2019.
             Slain by a sky beast (6 damage)
             ... on level 4 of the Dungeon.
             The game lasted 00:15:30 (7272 turns).

zishaf the Sneak (Kobold Artificer)                 Turns: 7272, Time: 00:15:30

Health: -1/48      AC:  8    Str: 10    XL:     8   Next: 50%
Magic:  11/11      EV: 16    Int: 12    God:
Gold:   158        SH:  0    Dex: 17    Spells: 7/7 levels left

rFire    . . .     SeeInvis .   a - +0 short sword
rCold    . . .     Gourm    .   (shield restricted)
rNeg     . . .     Faith    .   m - +0 ring mail
rPois    +         Spirit   .   c - +1 helmet
rElec    .         Reflect  .   (no cloak)
rCorr    .         Harm     .   r - +0 pair of gloves
MR       .....                  (no boots)
Stlth    +++.......             z - amulet of the acrobat
HPRegen  0.16/turn              g - ring of poison resistance
MPRegen  0.12/turn              (no ring)

@: no status effects
A: small, carnivore
a: no special abilities


You were on level 4 of the Dungeon.
You were completely stuffed.

You visited 1 branch of the dungeon, and saw 5 of its levels.
You also visited: Sewer.

You collected 158 gold pieces.

Inventory:

Hand Weapons
 a - a +0 short sword (weapon)
 b - a +0 hunting sling
Missiles
 l - 187 stones (quivered)
Armour
 c - a +1 helmet (worn)
 m - a +0 ring mail (worn)
 r - a +0 pair of gloves (worn)
 y - a +0 leather armour
Jewellery
 g - a ring of poison resistance (left hand)
 z - an amulet of the acrobat (around neck)
Wands
 d - a wand of enslavement (12)
Scrolls
 h - a scroll of remove curse {unknown}
 j - 2 scrolls of enchant armour
 k - a scroll of amnesia {unknown}
 n - 2 scrolls of blinking {unknown}
 o - 2 scrolls of immolation
 p - 2 scrolls of random uselessness {unknown}
 t - 2 scrolls of teleportation {unknown}
Potions
 q - a potion of lignification {unknown}
 s - 2 potions of curing
 u - 2 potions of might {unknown}
 v - 3 potions of heal wounds
 w - a potion of brilliance {unknown}
 x - a potion of haste {unknown}
 A - a potion of flight {unknown}
Comestibles
 f - 8 rations


   Skills:
 + Level 4.8 Fighting
 + Level 5.8 Short Blades
 + Level 5.7 Dodging
 + Level 6.4 Stealth
 - Level 5.1 Evocations


You had 7 spell levels left.
You didn't know any spells.
Your spell library was empty.

Dungeon Overview and Level Annotations

Branches:
Dungeon (5/15)
 Temple: D:4-7

Altars:
Fedhas
Hepliaklqana
Sif Muna
Uskayaw

Shops:
D:4 [


Innate Abilities, Weirdness & Mutations

You are small and have problems with some larger weapons.
You are carnivorous and can eat meat at any time.


Message History

The sky beast is almost dead.
The sky beast flickers out of sight!
Deactivating autopickup; reactivate with Ctrl-A.
Something completely misses you.
Your ring mail prevents you from hitting something.
You miss something. Something hits you but does no damage.
You barely miss something. Something hits you. Something shocks you.
* * * LOW HITPOINT WARNING * * *
You closely miss something. Something hits you.
* * * LOW HITPOINT WARNING * * *
Something shocks you.
* * * LOW HITPOINT WARNING * * *
You miss something. Something closely misses you.
You miss something. You closely miss something.
Something completely misses you.
You miss something. Something barely misses you.
You closely miss something. Something hits you.
* * * LOW HITPOINT WARNING * * *
Something shocks you.
You die...

##....)..##.....#########.....#
####.#.)....#### ##....#
#####....##.## ###....
#.......###.# #....#. #......##
#.# #######.##... #.....##
##.## ##............ #.....#
##...# ##..#####......
#...#####....####..## #......
#...#>.##...##@>#########......
##.##...#...#≈{.##....##.......
#)###.'#...#'.###....#(.......
#.)####.....#####.............
##.)............#.....##......
#.......♣......#....###......
##........^....#....# #######
#####.....#####....#
##.'#...#..###....#


There were no monsters in sight!

Vanquished Creatures
  Sigmund (D:3)
  2 phantoms (D:4)
  2 ogres
  A howler monkey (D:4)
  3 orc priests
  Natasha (thrice) (D:3)
  Ijyb (D:3)
  2 worker ants
  Robin (D:3)
  10 adders
  A river rat (D:3)
  An ooze (D:4)
  2 worms (D:3)
  4 dart slugs
  3 leopard geckos
  14 orcs
  6 giant cockroaches
  11 goblins
  14 hobgoblins
  9 jackals (Sewer)
  9 kobolds
  3 quokkas
  3 ball pythons
  3 bats
  6 frilled lizards
  5 rats
  3 plants (Sewer)
123 creatures vanquished.

Vanquished Creatures (collateral kills)
  An orc (D:4)
1 creature vanquished.

Vanquished Creatures (others)
  An ogre (D:4)
  A leopard gecko (D:1)
  A kobold (D:3)
  2 plants (Sewer)
5 creatures vanquished.

Grand Total: 129 creatures vanquished

Notes
Turn   | Place    | Note
-------+----------+-------------------------------------------
     0 | D:1      | zishaf the Kobold Artificer began the quest for the Orb.
     0 | D:1      | Reached XP level 1. HP: 12/12 MP: 3/3
   383 | D:1      | Reached XP level 2. HP: 13/16 MP: 4/4
   719 | D:1      | Reached skill level 2 in Stealth
  1028 | D:1      | Reached XP level 3. HP: 20/20 MP: 5/5
  1743 | D:2      | Found a hazy altar of Hepliaklqana.
  1758 | D:2      | Found a blossoming altar of Fedhas.
  1846 | D:2      | Reached XP level 4. HP: 21/26 MP: 7/7
  2387 | D:2      | Found a deep blue altar of Sif Muna.
  2761 | D:3      | Noticed Natasha
  2764 | D:3      | Killed Natasha
  2764 | D:3      | Reached skill level 3 in Stealth
  2764 | D:3      | Reached XP level 5. HP: 27/31 MP: 8/8
  2772 | D:3      | Noticed Ijyb
  2814 | D:3      | Killed Ijyb
  2853 | D:3      | Found a glowing drain.
  2874 | Sewer    | Entered a sewer
  3455 | Sewer    | Reached XP level 6. HP: 33/36 MP: 9/9
  4134 | D:3      | Noticed Sigmund
  4137 | D:3      | Killed Sigmund
  4137 | D:3      | Reached skill level 4 in Stealth
  4137 | D:3      | Reached skill level 5 in Evocations
  4137 | D:3      | Reached XP level 7. HP: 41/41 MP: 10/10
  4193 | D:3      | Found a faded altar of an unknown god.
  4299 | D:3      | Noticed Robin
  4302 | D:3      | Noticed Natasha
  4373 | D:3      | Killed Robin
  4565 | D:3      | Killed Natasha
  4821 | D:3      | Noticed Natasha
  4830 | D:3      | Killed Natasha
  5180 | D:4      | Reached skill level 5 in Stealth
  5746 | D:4      | Reached skill level 5 in Short Blades
  5746 | D:4      | Reached skill level 5 in Dodging
  5822 | D:4      | Reached XP level 8. HP: 48/48 MP: 11/11
  5868 | D:4      | Found Waintilo's Armour Boutique.
  6236 | D:3      | Reached skill level 6 in Stealth
  7028 | D:5      | Entered Level 5 of the Dungeon
  7043 | D:5      | Found a hide-covered altar of Uskayaw.
  7272 | D:4      | Slain by a sky beast

Vault maps used:
D:1:      wander_arrival_chamber, bh_walls_and_bars
D:2:      nicolae_overflow_hidden_temple, lemuel_doored_altar,
          lemuel_coloured_pillars_altar
D:3:      cheibrodos_sewer_entry_sluice, chequers_ecumenical_altar_simple,
          first_ration, due_unseen_surprise, uniq_robin, uniq_sigmund,
          uniq_natasha, uniq_ijyb
D:4:      serial_shops, shop, grunt_ministairs_6, kennysheep_boxes
D:5:      nicolae_overflow_crystal_walls, kennysheep_mini_moat, serial_shops,
          kennysheep_little_box, kennysheep_okawaru_gauntlet
Sewer:    sewer_co_scattered_pipes

Skill      XL: |  1  2  3  4  5  6  7  8 |
---------------+-------------------------+-----
Stealth        | 2 3 4 5 6 |  6.4
Short Blades   | 2 3 4 5 |  5.8
Dodging        | 3 4 5 |  5.7
Evocations     | 4 5 |  5.1
Fighting       | 2 3 4 |  4.8

Action                   |  1- 3 |  4- 6 |  7- 9 || total
-------------------------+-------+-------+-------++-------
Melee: Short sword       |   132 |   523 |   315 ||   970
 Fire: Hunting sling     |       |       |    49 ||    49
Throw: Stone             |       |     7 |       ||     7
Evoke: Wand              |     1 |    20 |    35 ||    56
  Use: Scroll            |       |     2 |     2 ||     4
 Stab: Sleeping          |     5 |     3 |     1 ||     9
       Paralysed         |       |       |     2 ||     2
       Distracted        |       |       |     1 ||     1
  Eat: Chunk             |    11 |     9 |    10 ||    30
Armor: Leather armour    |     9 |       |       ||     9
       Ring mail         |    11 |    60 |    69 ||   140
Dodge: Dodged            |    90 |   219 |   183 ||   492

Table legend:
 A = Non-vault XP
 B = Vault XP
 C = Vault XP percentage of total XP
 D = Non-vault monster count
 E = Vault monster count
 F = Vault count percentage of total count
                 A         B        C        D         E       F
            +---------+---------+-------+---------+---------+-------
      Total |     967 |     528 |  35.3 |      77 |      44 |  36.4
            +---------+---------+-------+---------+---------+-------
        D:1 |      32 |       0 |   0.0 |      17 |       0 |   0.0
        D:2 |      94 |       0 |   0.0 |      15 |       0 |   0.0
        D:3 |     317 |     354 |  52.8 |      30 |      18 |  37.5
        D:4 |     523 |      79 |  13.1 |      14 |       4 |  22.2
        D:5 |       1 |       0 |   0.0 |       1 |       0 |   0.0
      Sewer |       0 |      95 | 100.0 |       0 |      22 | 100.0
            +---------+---------+-------+---------+---------+-------
